 Dungeon Crawl Stone Soup version 0.27-a0-978-g2aa4ecdaef (webtiles) character file.

Game seed: 7399389359669388173

4656 porpoise the Fighter (level 10, -1/73 (78) HPs)
             Began as a Djinni Venom Mage on Apr 15, 2021.
             Was a Priest of Makhleb.
             Slain by an orc warlord
             ... wielding a +2 dire flail of holy wrath
              (16 damage)
             ... in a bailey.
             The game lasted 00:40:01 (13893 turns).

porpoise the Fighter (Djinni Venom Mage)           Turns: 13893, Time: 00:40:07

HP:   -1/73 (78)    AC:  5    Str:  7    XL:     10   Next: 43%
Gold: 397           EV: 14    Int: 20    God:    Makhleb [***...] SH:  5 Dex: 14

rFire    + + .     SeeInvis .   a - +4 broad axe (vorpal)
rCold    x . .     Faith    .   C - +0 buckler
rNeg     + . .     Spirit   .   p - +2 robe {Will+}
rPois    ∞         Reflect  .   j - +0 helmet
rElec    .         Harm     .   L - scarf {+Inv}
rCorr    .         Rampage  .   (no gloves)
Will     ++...                  (boots unavailable)
Stlth    ++........             (no amulet)
HPRegen  0.22/turn              x - ring of positive energy
MPRegen  0.00/turn              (no ring)

@: radiating poison, flying, slightly contaminated, drained, invisible
(expiring)
A: fire resistance 2, cold vulnerability 1, float, innate caster, hp casting,
extra vitality 1
a: Renounce Religion, Evoke Invisibility, Minor Destruction, Lesser Servant of
Makhleb


You were in a bailey.
You worshipped Makhleb.
Makhleb was most pleased with you.
You visited 1 branch of the dungeon, and saw 8 of its levels.
You also visited: Bailey.

You collected 397 gold pieces.

Inventory:

Hand Weapons
 a - a +4 vorpal broad axe (weapon)
 b - a +2 dagger of draining
 B - a +3 spear of flaming
Missiles
 d - 84 arrows
 f - 138 stones
 k - 56 sling bullets
 l - 24 bolts
 D - 4 boomerangs of dispersal
 E - 5 boomerangs (quivered)
 F - 16 poisoned darts
 G - 8 atropa-tipped darts
 N - 2 javelins
 Q - 8 curare-tipped darts
Armour
 j - a +0 helmet (worn)
 o - the +0 kite shield of the Sharp Grue {rF++ Slay+3}
   (You found it on level 4 of the Dungeon)

   It affects your accuracy and damage with ranged weapons and melee attacks
   (+3).
   It greatly protects you from fire.
 p - a +2 robe of willpower (worn)
 C - a +0 buckler (worn)
 H - +0 steam dragon scales
 L - a scarf of invisibility (worn)
Jewellery
 x - a ring of positive energy (left hand)
Wands
 m - a wand of flame (13)
Scrolls
 e - a scroll of holy word {unknown}
 g - a scroll of enchant weapon {unknown}
 h - a scroll of enchant armour {unknown}
 i - 4 scrolls of identify
 n - a scroll of brand weapon {unknown}
 r - 4 scrolls of teleportation
 s - a scroll of vulnerability {unknown}
 t - 2 scrolls of noise
 v - a scroll of fear {unknown}
 w - a scroll of amnesia {unknown}
 y - a scroll of summoning {unknown}
 I - a scroll of magic mapping
 J - a scroll of fog {unknown}
Potions
 u - 3 potions of curing
 z - a potion of invisibility
 A - 2 potions of mutation
 K - 3 potions of resistance
 O - a potion of might {unknown}
 P - a potion of flight {unknown}
 R - a potion of magic


   Skills:
 + Level 9.6 Fighting
 - Level 5.0 Dodging
 - Level 1.5 Stealth
 - Level 4.0 Shields
 - Level 7.0 Spellcasting
 - Level 5.0 Invocations
 + Level 3.2 Evocations


You had one spell level left.
You knew the following spells:

 Your Spells              Type           Power      Damage    Failure   Level
a - Sting                 Tmut/Pois      100%       1d8       1%          1
b - Poisonous Vapours     Pois/Air       70%        N/A       1%          2
c - Confusing Touch       Hex            35%        N/A       1%          3
d - Magic Dart            Conj           100%       1d8       1%          1
g - Gell's Gravitas       Tloc           17%        N/A       1%          3
i - Ignite Poison         Fire/Tmut/Pois 35%        N/A       1%          3
m - Mephitic Cloud        Conj/Pois/Air  35%        N/A       1%          3
o - Olgreb's Toxic Radia  Pois           35%        N/A       5%          4
w - Slow                  Hex            35%        N/A       1%          2
Your spell library was empty.

Dungeon Overview and Level Annotations

Branches:
Dungeon (8/15)             Temple (0/1) D:5          Bailey (1/1)
   Lair: D:8-11

Altars:
Ashenzari
Makhleb
Qazlal
Trog
Wu Jian
The Shining One

Shops:
D:6 =

Annotations:
D:6 1 runed translucent door, jasper's ghost, weakling DsDe


Innate Abilities, Weirdness & Mutations

You are immune to poison.
Your flesh is very heat resistant. (rF++)
You are vulnerable to cold. (rC-)
You float through the air rather than walking.
You learn spells naturally, not from books.
Your magical power is your life essence.
You have superior vitality. (+4 HP)


Message History

Okay, then.
Unknown command.
Okay, then.
Unknown command.
It was a potion of heal wounds.
You feel much better.
Press: ? - help, v - describe, . - travel
Here: an orc warlord, wielding a +2 dire flail of holy wrath and wearing a +0 plate armour (steam, heavily wounded, strong, poisoned)
The floor.
Casting: Ignite Poison (safe; 1% risk of failure)
Confirm with . or Enter, or press ? or * to list all spells.
You miscast Ignite Poison.
You are lightly contaminated with residual magic.
Nothing appears to happen.
The orc warlord is engulfed in a cloud of scalding steam.
Casting: Ignite Poison (safe; 1% risk of failure)
Confirm with . or Enter, or press ? or * to list all spells.
You begin to radiate toxic energy.
The orc warlord no longer looks unusually strong.
Casting: Olgreb's Toxic Radiance (dangerous; 5% risk of failure)
Confirm with . or Enter, or press ? or * to list all spells.
You ignite the poison in your surroundings!
The orc warlord seems to burn from within!
The orc warlord is severely wounded.
* * * LOW HITPOINT WARNING * * *
The orc warlord is poisoned.
You flicker for a moment.
Your toxic aura wanes.
Casting: Ignite Poison (safe; 1% risk of failure)
Confirm with . or Enter, or press ? or * to list all spells.
You ignite the poison in your surroundings!
The orc warlord seems to burn from within!
The orc warlord is almost dead.
* * * LOW HITPOINT WARNING * * *
The orc warlord jeers loudly.
Casting: Ignite Poison (safe; 1% risk of failure)
Confirm with . or Enter, or press ? or * to list all spells.
You begin to radiate toxic energy.
The orc warlord is poisoned.
* * * LOW HITPOINT WARNING * * *
The orc warlord looks even sicker.
The orc warlord hits you with a +2 dire flail of holy wrath!
You die...

....##.......## ..
#....)....#
##.....)...##
#.....⌠.....#
##.........##
#.).......#
##...))).## #...)o..#
##..)@.## # ####)## ##
##...).## .# #....)..#
)## ##.......## ..#
#.....)...# ).##
##.........##
...#######.....⌠.....#
).##.....##.........##


You could see an orc warlord (very poisoned).

Vanquished Creatures
  A two-headed ogre (D:7)
  An orc knight (Bailey)
  Maggie (D:6)
  Edmund (D:6)
  3 ice beasts
  A sky beast (D:6)
  10 orc warriors
  A black bear (D:7)
  An ogre (D:6)
  A centaur (D:7)
  2 phantoms (D:6)
  A gnoll sergeant (D:5)
  3 scorpions
  3 bullfrogs
  A water moccasin zombie (D:5)
  4 killer bees (D:8)
  4 hounds
  A jelly (D:7)
  A gnoll shaman (D:6)
  2 orc priests
  2 bullfrog skeletons (D:6)
  A centaur skeleton (D:7)
  An iguana (D:6)
  6 orc wizards
  2 hound skeletons
  A howler monkey zombie (D:5)
  13 gnolls
  A howler monkey skeleton (D:7)
  6 adders
  3 white imps
  An adder skeleton (D:4)
  3 worms
  A dart slug (D:3)
  30 orcs
  11 ball pythons
  5 bats
  6 endoplasms
  3 giant cockroaches
  22 goblins
  16 hobgoblins
  3 jackals (D:4)
  3 kobolds
  8 quokkas
  6 frilled lizards
  2 rats (D:3)
199 creatures vanquished.

Vanquished Creatures (others)
  5 plants (D:8)
5 creatures vanquished.

Grand Total: 204 creatures vanquished

Notes
Turn   | Place    | Note
-------+----------+-------------------------------------------
     0 | D:1      | porpoise the Djinni Venom Mage began the quest for the Orb.
     0 | D:1      | Reached XP level 1. HP: 15/15 MP: 0/0
   512 | D:1      | Reached skill level 1 in Fighting
   512 | D:1      | Reached XP level 2. HP: 11/22 MP: 0/0
  1877 | D:2      | Found a faded altar of an unknown god.
  1885 | D:2      | Reached XP level 3. HP: 25/27 MP: 0/0
  1885 | D:2      | Learned a level 1 spell: Magic Dart
  2786 | D:3      | Noticed an orc warrior
  2801 | D:3      | Killed an orc warrior
  2802 | D:3      | Reached skill level 3 in Fighting
  2802 | D:3      | Reached XP level 4. HP: 2/35 MP: 0/0
  2802 | D:3      | Reached XP level 5. HP: 2/40 MP: 0/0
  2802 | D:3      | Learned a level 2 spell: Slow
  4288 | D:3      | Reached XP level 6. HP: 3/47 MP: 0/0
  5128 | D:4      | Found a glowing golden altar of the Shining One.
  5142 | D:4      | Found an ornate altar of the Wu Jian Council.
  5142 | D:4      | Found a broken altar of Ashenzari.
  5145 | D:4      | Found a bloodstained altar of Trog.
  5192 | D:4      | Reached skill level 4 in Fighting
  5400 | D:4      | Identified the +0 kite shield of the Sharp Grue {rF++
                  | Slay+3}
  5965 | D:4      | Found a burning altar of Makhleb.
  5971 | D:4      | Became a worshipper of Makhleb the Destroyer
  6511 | D:5      | Entered Level 5 of the Dungeon
  6586 | D:5      | Found a staircase to the Ecumenical Temple.
  7297 | D:5      | Reached skill level 5 in Spellcasting
  7297 | D:5      | Reached XP level 7. HP: 25/53 MP: 0/0
  7297 | D:5      | Learned a level 3 spell: Gell's Gravitas
  7484 | D:5      | Reached skill level 5 in Fighting
  8336 | D:5      | Reached skill level 6 in Fighting
  8344 | D:5      | HP: 1/56 [hound (2)]
  8348 | D:5      | Reached XP level 8. HP: 2/61 MP: 0/0
  9369 | D:6      | Noticed Maggie
  9375 | D:6      | Killed Maggie
  9376 | D:6      | Reached skill level 7 in Fighting
  9532 | D:6      | Found Zexka's Jewellery Shoppe.
  9701 | D:6      | Reached skill level 1 in Shields
  9758 | D:6      | Found a stormy altar of Qazlal.
 10016 | D:6      | Reached XP level 9. HP: 50/68 MP: 0/0
 10016 | D:6      | Learned a level 3 spell: Confusing Touch
 10021 | D:6      | Reached * piety under Makhleb
 10853 | D:6      | Noticed Edmund
 10865 | D:6      | Killed Edmund
 11228 | D:6      | Found a runed translucent door.
 11229 | D:6      | Noticed a cyclops
 11230 | D:6      | Noticed jasper's ghost (weakling DsDe)
 11589 | D:7      | Reached skill level 5 in Dodging
 11684 | D:7      | Noticed a two-headed ogre
 11702 | D:7      | Killed a two-headed ogre
 12326 | D:7      | Reached skill level 8 in Fighting
 12996 | D:8      | Found a flagged portal.
 13013 | Bailey   | Entered a bailey
 13061 | Bailey   | Reached XP level 10. HP: 71/77 MP: 0/0
 13349 | Bailey   | Reached ** piety under Makhleb
 13351 | Bailey   | Reached skill level 5 in Invocations
 13352 | Bailey   | Reached skill level 9 in Fighting
 13397 | Bailey   | Reached skill level 1 in Evocations
 13835 | Bailey   | Noticed an orc knight
 13862 | Bailey   | Reached *** piety under Makhleb
 13875 | Bailey   | Noticed an orc warlord
 13876 | Bailey   | Killed an orc knight
 13885 | Bailey   | HP: 1/73 [orc warlord/+2 dire flail of holy wrath (46)]
 13893 | Bailey   | Slain by an orc warlord

Illustrated notes

Levels and vault maps discovered:
D:1:      dpeg_arrival_orchard, layout_loops_corners
D:2:      layout_basic, basic_ecumenical_altar
D:3:      layout_basic, minmay_close_crescents
D:4:      layout_basic, bloody_makhleb,
          chequers_temple_overflow_statue_of_worship, serial_curves,
          eino_curves_02, eino_curves_01, eino_curves_01, eino_curves_01
D:5:      minmay_skewed_foursquare, layout_gridville,
          minmay_temple_entry_slanted, hex_tiny
D:6:      layout_basic, lemuel_crystal_altar, ebering_ghost_inner_flame,
          serial_shops, nicolae_shop_trees, hangedman_decor_clover_reticule,
          uniq_maggie, uniq_edmund
D:7:      layout_loops_corners, st_stairs_13
D:8:      cheibrodos_elevator_heist, layout_loops_corners, kennysheep_mini,
          enter_bailey_3, minmay_misc_feat_ornament, disabler_island,
          uniq_harold, uniq_maurice, uniq_joseph
Bailey:   bailey_axe_minmay_hex_keep, bailey

Skill      XL: |  1  2  3  4  5  6  7  8  9 10 |
---------------+-------------------------------+-----
Fighting       | 1 3 4 6 7 8 9 |  9.6
Spellcasting   | 3 4 5 7 |  7.0
Shields        | 2 4 |  4.0
Dodging        | 3 5 |  5.0
Invocations    | 4 5 |  5.0
Evocations     | 3 |  3.2
Stealth        | |  1.5

Action                   |  1- 3 |  4- 6 |  7- 9 | 10-12 || total
-------------------------+-------+-------+-------+-------++-------
Melee: Short sword       |    15 |    32 |       |       ||    47
       Dagger            |       |    28 |    19 |       ||    47
       Spear             |       |       |    24 |       ||    24
       Broad axe         |       |       |    30 |    15 ||    45
Throw: Boomerang         |       |       |     4 |     1 ||     5
 Cast: Sting             |    18 |    24 |     1 |     3 ||    46
       Poisonous Vapours |    22 |    39 |    42 |    20 ||   123
       Magic Dart        |       |    13 |     7 |       ||    20
       Ignite Poison     |       |     1 |    34 |    23 ||    58
       Mephitic Cloud    |       |       |    17 |       ||    17
       Slow              |       |       |     3 |       ||     3
       Olgreb's Toxic Ra |       |       |     2 |    18 ||    20
       Confusing Touch   |       |       |     2 |       ||     2
 Abil: Evoke Invisibilit |       |       |       |     1 ||     1
Evoke: Wand              |       |       |     4 |     2 ||     6
  Use: Scroll            |       |     3 |     6 |     2 ||    11
       Potion            |       |       |       |     1 ||     1
 Stab: Sleeping          |     2 |       |       |       ||     2
       Confused          |       |       |     3 |       ||     3
Armor: Robe              |     2 |    11 |    17 |     2 ||    32
Dodge: Dodged            |     7 |    41 |    56 |     7 ||   111
Block: Buckler           |       |       |     5 |     1 ||     6

Table legend: (Time is in decaauts)
 A = Elapsed time spent in this place.
 B = Non-inter-level travel time spent in this place.
 C = Inter-level travel time spent in this place.
 D = Time resting spent in this place.
 E = Time spent auto-exploring this place.
 F = Levels seen in this place.
 G = Mean time per level.
                   A        B        C        D        E       F      G
               +--------+--------+--------+--------+--------+-----+--------+
         Total |  13916 |  13693 |    223 |   7551 |   4935 |   9 | 1546.2 |
       Dungeon |  13024 |  12801 |    223 |   7015 |   4872 |   8 | 1628.0 |
        Bailey |    892 |    892 |      0 |    536 |     63 |   1 |  892.0 |
               +--------+--------+--------+--------+--------+-----+--------+

Top non-repeatable levels by time:
     D:5: 2514 daAuts
     D:6: 2436 daAuts
     D:3: 2047 daAuts
     D:1: 1838 daAuts
     D:7: 1422 daAuts
     D:4: 1409 daAuts
     D:2: 1219 daAuts
  Bailey: 892 daAuts
     D:8: 136 daAuts
